 Dungeon Crawl Stone Soup version 0.29-a0-1006-g0dd7720b37 (webtiles) character file.

Game seed: 13029979083060915288

54 drpainis the Chopper (level 3, -1/33 HPs)
             Began as a Hill Orc Monk on Aug 6, 2022.
             Succumbed to a kobold's poison
             ... on level 2 of the Dungeon.
             The game lasted 00:01:46 (2253 turns).

drpainis the Chopper (Hill Orc Monk)                Turns: 2253, Time: 00:01:47

Health: -1/33      AC:  5    Str: 15    XL:     3   Next: 91%
Magic:  3/3        EV: 11    Int: 10    God:
Gold:   124        SH:  0    Dex: 13    Spells: 2/2 levels left

rFire   . . .      SeeInvis .   a - +0 hand axe
rCold   . . .      Faith    .   (no shield)
rNeg    . . .      Spirit   .   k - +0 ring mail
rPois   .          Reflect  .   (no helmet)
rElec   .          Harm     .   (no cloak)
rCorr   .          Rampage  .   (no gloves)
Will    .....                   (no boots)
Stlth   +.........              (no amulet)
HPRegen 0.11/turn               (no ring)
MPRegen 0.08/turn               (no ring)

@: lethally poisoned (-1 -> -24)
A: no striking features
a: no special abilities


You were on level 2 of the Dungeon.
You visited 1 branch of the dungeon, and saw 2 of its levels.

You collected 124 gold pieces.

Inventory:

Hand Weapons
 a - a +0 hand axe (weapon)
Armour
 b - a +0 robe
 h - a +0 leather armour
 k - a +0 ring mail (worn)
Scrolls
 d - 2 scrolls of identify {unknown}
 e - 4 scrolls of brand weapon {unknown}
 j - a scroll of blinking {unknown}
 l - a scroll of amnesia {unknown}
 m - a scroll of enchant armour {unknown}
 n - a scroll of vulnerability {unknown}
 o - a scroll of fear {unknown}
 p - a scroll of teleportation {unknown}
Potions
 c - a potion of ambrosia
 f - a potion of heal wounds {unknown}
 g - a potion of curing {unknown}
 i - a potion of invisibility {unknown}


   Skills:
 + Level 4.2 Fighting
 + Level 5.0 Axes
 + Level 0.6 Armour
 + Level 2.7 Dodging
 + Level 1.8 Stealth


You had 2 spell levels left.
You didn't know any spells.
Your spell library contained the following spells:

 Spells                   Type           Power      Damage    Failure   Level
 Magic Dart               Conj           0%         1d3       58%         1
 Call Imp                 Summ           0%         N/A       75%         2
 Mephitic Cloud           Conj/Pois/Air  0%         N/A       92%         3


Dungeon Overview and Level Annotations

Branches:
Dungeon (2/15)

Altars:
Fedhas

Shops:
D:2 [


Message History

The kobold barely misses you. The adder closely misses you.
You barely miss the adder.
The adder is severely wounded.
You barely miss the kobold.
You feel sick. The adder bites you but does no damage.
The kobold hits you but does no damage. The adder bites you.
You are more poisoned.
The adder poisons you!
You completely miss the adder.
The adder is severely wounded.
You closely miss the kobold.
You feel sick. The kobold barely misses you.
The adder bites you but does no damage. The kobold misses you.
You hit the adder.
You kill the adder!
You hit the kobold.
You kill the kobold!
You feel sick.
The kobold throws a stone.
The stone barely misses you.
Your Axes skill increases to level 5!
You feel sick.
You see here an adder corpse.
You feel sick.
You barely miss the kobold.
You feel sick.
The kobold hits you with a +1 dagger of venom.
You are more poisoned.
You hit the kobold but do no damage.
You feel very sick. The kobold hits you but does no damage.
You are lethally poisoned!
You barely miss the kobold.
* * * LOW HITPOINT WARNING * * *
You feel very sick. The kobold barely misses you.
You hit the kobold but do no damage.
* * * LOW HITPOINT WARNING * * *
You feel very sick.
The kobold hits you with a +1 dagger of venom.
* * * LOW HITPOINT WARNING * * *
You are more poisoned.
You hit the kobold but do no damage.
You die...

.##.# ..# .##.##
..# ## ##
.##..##+# .. .#
.###.##.##.#####.
.###..#...... ...
.#.##.#.##.####.##
##...............#
##.###.....####†.#
##.###..........@#
##...##..#.#####K#
####.##>.........#
.....###.##.####.#
###### #.##.# #.#
# #.##.# #.# #
#.##.# ..# #..#.#
..# ##.#.# ..#


You could see a kobold.

Vanquished Creatures
  2 adders (D:2)
  3 endoplasms (D:2)
  2 giant cockroaches (D:1)
  2 goblins (D:1)
  3 hobgoblins (D:1)
  3 jackals (D:1)
  7 kobolds
  A quokka (D:1)
  5 ball pythons
  2 bats
  4 frilled lizards
  3 rats
37 creatures vanquished.

Vanquished Creatures (others)
  A plant (D:1)
1 creature vanquished.

Grand Total: 38 creatures vanquished

Notes
Turn   | Place    | Note
-------+----------+-------------------------------------------
     0 | D:1      | drpainis the Hill Orc Monk began the quest for the Orb.
     0 | D:1      | Reached XP level 1. HP: 19/19 MP: 1/1
   227 | D:1      | Reached XP level 2. HP: 27/27 MP: 2/2
  1432 | D:1      | Reached XP level 3. HP: 33/33 MP: 3/3
  2001 | D:2      | Found Zufrim's Armour Shoppe.
  2112 | D:2      | Found a blossoming altar of Fedhas.
  2247 | D:2      | Reached skill level 5 in Axes
  2253 | D:2      | Succumbed to a kobold's poison

Illustrated notes

Levels and vault maps discovered:
D:1:      dpeg_arrival_arbitrary_c, layout_loops_cross, minmay_misc_feat_plants,
          chequers_serial_rivers_large_b, dk_noncrumbling_4, minmay_pentomino_q2
D:2:      layout_basic, serial_shops, nicolae_shop_trees, basic_altar

Skill      XL: |  1  2  3 |
---------------+----------+-----
Fighting       | 4 |  4.2
Axes           | 5 |  5.0
Armour         | |  0.6
Dodging        | |  2.7
Stealth        | |  1.8

Action                   || total
-------------------------++-------
Melee: Hand axe          ||   102
 Stab: Sleeping          ||     5
Armor: Robe              ||     7
       Leather armour    ||     8
       Ring mail         ||    24
Dodge: Dodged            ||    66

Table legend: (Time is in decaauts)
 A = Elapsed time spent in this place.
 B = Non-inter-level travel time spent in this place.
 C = Inter-level travel time spent in this place.
 D = Time resting spent in this place.
 E = Time spent auto-exploring this place.
 F = Levels seen in this place.
 G = Mean time per level.
                   A        B        C        D        E       F      G
               +--------+--------+--------+--------+--------+-----+--------+
         Total |   2287 |   2252 |     35 |    500 |   1387 |   2 | 1143.5 |
       Dungeon |   2287 |   2252 |     35 |    500 |   1387 |   2 | 1143.5 |
               +--------+--------+--------+--------+--------+-----+--------+

Top non-repeatable levels by time:
     D:1: 1573 daAuts
     D:2: 713 daAuts
